 Dungeon Crawl Stone Soup version 0.23.2 (webtiles) character file.

Game seed: 15736970303702127778

51 Gingko the Magician (level 3, -1/21 HPs)
             Began as an Octopode Wizard on Apr 6, 2019.
             Slain by a hobgoblin (4 damage)
             ... led by Robin
             ... on level 1 of the Dungeon.
             The game lasted 00:09:18 (1786 turns).

Gingko the Magician (Octopode Wizard)               Turns: 1786, Time: 00:09:19

Health: -1/21      AC:  1    Str:  6    XL:     3   Next: 81%
Magic:  2/8        EV: 13    Int: 21    God:
Gold:   46         SH:  0    Dex: 10    Spells: 4/9 levels left

rFire    . . .     SeeInvis .   j - +2 whip (venom)
rCold    . . .     Gourm    .   (no shield)
rNeg     . . .     Faith    .   a - +0 hat
rPois    .         Spirit   .   (no amulet)
rElec    .         Reflect  .   (no ring)
rCorr    .         Harm     .   (no ring)
MR       .....                  (no ring)
Stlth    +++.......             (no ring)
HPRegen  0.07/turn              (no ring)
MPRegen  0.11/turn              (no ring)
                                (no ring)
                                (no ring)

@: no status effects
A: almost no armour, stealthy swim, amphibious, 8 rings, constrict 8, camouflage
1, gelatinous body 1
a: no special abilities


You were on level 1 of the Dungeon.
You were hungry.

You visited 1 branch of the dungeon, and saw 2 of its levels.

You collected 46 gold pieces.

Inventory:

Hand Weapons
 d - a +0 dagger
 j - a +2 whip of venom (weapon)
Missiles
 e - 53 stones (quivered)
 f - 13 poisoned needles
 i - 49 arrows
Armour
 a - a +0 hat (worn)
Jewellery
 l - a cursed amulet of inaccuracy {unknown}
Scrolls
 h - a scroll of teleportation
 k - a scroll of identify {unknown}
Potions
 g - 2 potions of mutation {unknown}
Comestibles
 c - a ration


   Skills:
 - Level 2.0 Dodging
 - Level 2.7 Stealth
 + Level 3.8 Spellcasting
 + Level 2.3 Conjurations
 - Level 1.0 Summonings
 - Level 1.0 Translocations


You had 4 spell levels left.
You knew the following spells:

 Your Spells              Type           Power        Failure   Level  Hunger
a - Magic Dart            Conj           ##..         4%          1    None
b - Blink                 Tloc           N/A          12%         2    #......
c - Call Imp              Summ           #.......     12%         2    #......

Your spell library contained the following spells:

 Spells                   Type           Power        Failure   Level  Hunger
 Slow                     Hex            #.......     19%         2    #......
 Conjure Flame            Conj/Fire      #.......     22%         3    ###....
 Mephitic Cloud           Conj/Pois/Air  #.......     26%         3    ###....


Dungeon Overview and Level Annotations

Branches:
Dungeon (2/15)

Altars:

Annotations:
D:2 Robin


Innate Abilities, Weirdness & Mutations

You cannot wear most types of armour.
You are very stealthy in the water. (Stealth+)
You are amphibious.
You can wear up to eight rings at the same time.
You can use your tentacles to constrict eight enemies at once.
Your skin changes colour to match your surroundings (Stealth+).
Your rubbery body absorbs attacks. (AC +1, EV +1)


Message History

Your crimson imp closely misses the hobgoblin.
Your crimson imp blinks!
Your crimson imp closely misses the hobgoblin.
There is a stone staircase leading up here.
You closely miss the hobgoblin. Your grab misses the hobgoblin.
The hobgoblin hits you with a +0 club.
* * * LOW HITPOINT WARNING * * *
Your crimson imp hits the hobgoblin.
Robin says, "A pitiful Octopus like you will never find the ORB!"
Robin hits your crimson imp with a +0 falchion.
The hobgoblin no longer looks unusually strong.
The hobgoblin closely misses you. The hobgoblin hits you with a +0 club.
* * * LOW HITPOINT WARNING * * *
Your crimson imp hits the hobgoblin but does no damage.
Your crimson imp barely misses the hobgoblin.
Robin hits your crimson imp with a +0 falchion.
You climb upwards.
Your summoned ally is left behind.
There is a stone staircase leading down here.
The hobgoblin hits you.
You die...

#...)...............# ##.##.#
#..###.##.###.......# #...#.####
#.#.##..............# #.).......
.###.#..#.###.......####...#.####
## ##...#.# #..............>.# #
##..#.# #.......########## ##
##..##.# ####.####
.###.####.######.###
#.#.####........@>.#####
##.........###..gg.....#
#.#####..## #.#.#.###.# #.# #.##
#.#.#.# #.# #.# #.# #.#...###.#
##.# #.# #.###.#.#.# #..# #.# #.#
#.....# ...#####.# #.# #.#.#.#
.........# #.###..#[.#


You could see 2 hobgoblins.

Vanquished Creatures
  2 dart slugs (D:1)
  3 giant cockroaches (D:1)
  2 hobgoblins (D:1)
  4 jackals (D:1)
  3 bats (D:1)
  A frilled lizard (D:1)
  11 goblins
  5 kobolds (D:1)
  8 rats (D:1)
39 creatures vanquished.

Vanquished Creatures (collateral kills)
  3 goblins (D:2)
  A hobgoblin (D:2)
4 creatures vanquished.

Grand Total: 43 creatures vanquished

Notes
Turn   | Place    | Note
-------+----------+-------------------------------------------
     0 | D:1      | Gingko the Octopode Wizard began the quest for the Orb.
     0 | D:1      | Reached XP level 1. HP: 11/11 MP: 4/4
   279 | D:1      | Reached XP level 2. HP: 14/17 MP: 3/6
   836 | D:1      | Learned a level 2 spell: Blink
   839 | D:1      | Learned a level 2 spell: Call Imp
   963 | D:1      | Reached XP level 3. HP: 21/21 MP: 2/8
  1772 | D:2      | Noticed Robin
  1786 | D:1      | Slain by a hobgoblin

Skill      XL: |  1  2  3 |
---------------+----------+-----
Conjurations   | 2 |  2.3
Dodging        | |  2.0
Stealth        | |  2.7
Spellcasting   | |  3.8
Summonings     | |  1.0
Translocations | |  1.0

Action                   || total
-------------------------++-------
Melee: Unarmed           ||    31
       Constrict         ||    14
       Tentacles         ||     7
       Dagger            ||     6
       Whip              ||     7
 Cast: Magic Dart        ||    65
       Call Imp          ||     3
  Use: Scroll            ||     1
 Stab: Sleeping          ||     2
  Eat: Chunk             ||     2
Armor: Skin              ||     6
Dodge: Dodged            ||    38
